 Dungeon Crawl Stone Soup version 0.31-a0-167-g1c394c0614 (webtiles) character file.

Game seed: 14856633566229806955

11431 Moral the Arsonist (level 11, -7/92 HPs)
             Began as a Pale Draconian Fire Elementalist on June 14, 2023.
             Engulfed by a cloud of flame (20 damage)
             ... on level 1 of the Lair of Beasts on June 15, 2023.
             The game lasted 01:09:15 (15229 turns).

Moral the Arsonist (DrFE)                          Turns: 15229, Time: 01:09:15

Health: -7/92      AC: 13    Str: 10    XL:     11   Next: 49%
Magic:  0/23       EV: 14    Int: 19    God:
Gold:   446        SH:  5    Dex: 13    Spells: 14/27 levels left

rFire   . . .        j - +3 short sword (protect)
rCold   . . .        (no shield)
rNeg    . . .        (body armour unavailable)
rPois   .            (helmet restricted)
rElec   .            (no cloak)
rCorr   .            c - +2 pair of gloves
SInv    +            C - +2 pair of boots
Will    .....        d - amulet of reflection
Stlth   +++          i - ring of flight
HPRegen 0.35/turn    s - ring of see invisible
MPRegen 0.18/turn

%: reflection
@: flying
A: breathe steam, AC +7, unfitting armour, cold-blooded, steam resistance
a: Breathe Steam


You were on level 1 of the Lair of Beasts.
You visited 2 branches of the dungeon, and saw 11 of its levels.
You also visited: Sewer and Ossuary.

You collected 723 gold pieces.
You spent 277 gold pieces at shops.

Inventory:

Hand Weapons
 j - a +3 short sword of protection (weapon)
Armour
 c - a +2 pair of gloves (worn)
 C - a +2 pair of boots (worn)
Jewellery
 d - an amulet of reflection (around neck)
 i - a ring of flight (left hand)
 s - a ring of see invisible (right hand)
 w - a ring of positive energy
 z - a ring of protection from fire
Wands
 n - a wand of paralysis (43)
 A - a wand of polymorph (11)
Scrolls
 g - 5 scrolls of identify
 h - 7 scrolls of teleportation
 t - 3 scrolls of enchant armour
 y - a scroll of fog
 B - a scroll of enchant weapon
Potions
 a - 3 potions of magic
 b - 3 potions of heal wounds
 e - 3 potions of cancellation
 f - 2 potions of brilliance
 k - 6 potions of curing
 l - a potion of ambrosia
 o - 3 potions of might
 p - 2 potions of mutation
 q - a potion of lignification
 r - 3 potions of attraction
 u - a potion of resistance
 v - a potion of haste


   Skills:
 + Level 7.2 Fighting
 + Level 6.3 Dodging
 + Level 6.5 Stealth
 * Level 8.7 Spellcasting
 + Level 6.4 Conjurations
 * Level 10.7 Fire Magic


You had 14 spell levels left.
You knew the following spells:

 Your Spells              Type           Power      Damage    Failure   Level
a - Foxfire               Conj/Fire      100%       2x1d9     1%          1
b - Scorch                Fire           98%        2d9       1%          2
c - Inner Flame           Hex/Fire       28%        N/A       2%          3
d - Volatile Blastmotes   Fire/Tloc      56%        2d14      2%          3
e - Flame Wave            Conj/Fire      40%        2d11      2%          4

Your spell library contained the following spells:

 Spells                   Type           Power      Damage    Failure   Level
 Magic Dart               Conj           100%       1d8       1%          1
 Searing Ray              Conj           64%        2d6       1%          2
 Apportation              Tloc           16%        N/A       9%          1
 Beastly Appendage        Tmut           16%        N/A       9%          1
 Necrotise                Necr           32%        1d5       9%          1
 Slow                     Hex            32%        N/A       9%          1
 Summon Small Mammal      Summ           32%        N/A       9%          1
 Sublimation of Blood     Necr           8%         N/A       13%         2
 Wereblood                Tmut           8%         N/A       13%         2
 Fulminant Prism          Conj/Hex       10%        3d9       22%         4
 Confusing Touch          Hex            8%         N/A       26%         3
 Spider Form              Tmut/Pois      8%         N/A       26%         3
 Summon Guardian Golem    Hex/Summ       8%         N/A       26%         3
 Vampiric Draining        Necr           8%         2d6       26%         3
 Summon Hydra             Summ           4%         N/A       100%        7
 Infestation              Necr           4%         N/A       100%        8


Dungeon Overview and Level Annotations

Branches:
Dungeon (10/15)            Temple (0/1) D:7            Lair (1/5) D:10
  Sewer (visited)         Ossuary (visited)
    Orc: D:9-12

Altars:
Fedhas
Gozag
Nemelex Xobeh
Okawaru
Qazlal
Uskayaw

Shops:
D:4 ?**:   D:7 ?


Innate Abilities, Weirdness & Mutations

You can breathe blasts of scalding, opaque steam.
Your pale cyan-grey scales are hard. (AC +7)
You cannot fit into any form of body armour.
You are cold-blooded and may be slowed by cold attacks.
You are immune to the effects of steam.


Message History

Confirm with . or Enter, or press ? or * to list all spells.
You conjure some foxfire!
The yak closely misses you. You block the yak's attack. The yak gores you!
You hit the yak but do no damage.
Your weapon exudes an aura of protection.
The yak is heavily wounded.
The foxfire hits the yak.
The yak is heavily wounded.
The foxfire hits the yak but does no damage.
The yak is severely wounded.
You block the yak's attack. The yak gores you but does no damage.
You block the yak's attack.
Casting: Foxfire (safe; 1% risk of failure)
Confirm with . or Enter, or press ? or * to list all spells.
Flames lash the yak.
Flame seeps out of the yak.
The yak is almost dead.
The yak's fire resistance burns away.
You have got your breath back.
The yak is engulfed in blazing flames.
The yak explodes!
The fiery explosion engulfs you but does no damage.
The fiery explosion engulfs the yak!
You kill the yak!
The yak misses you.
You hear an angry growl.
Casting: Scorch (safe; 1% risk of failure)
Confirm with . or Enter, or press ? or * to list all spells.
Flames lash the yak.
The yak is almost dead.
The yak's fire resistance burns away.
You are engulfed in blazing flames.
The yak gores you.
Casting: Scorch (safe; 1% risk of failure)
Confirm with . or Enter, or press ? or * to list all spells.
Flames lash the yak.
The yak is burned terribly!
You kill the yak!
You are engulfed in blazing flames.
You are engulfed in blazing flames.
* * * LOW HITPOINT WARNING * * *
You are engulfed in blazing flames.
You die...

## ####.
##
#...#..#
#§§§...##
##..§....#
#.@§.....?
#.†...?..#
##......P#
P........
.........
#........#
##......##
#...!..#


There were no monsters in sight!

Vanquished Creatures
  2 two-headed ogres
  Sonja (D:10)
  The ghost of rapeowns the Thaumaturge, a novice GnHW of Zin (D:7)
  The ghost of knightboat the Covert, a novice KoEn (D:7)
  An elephant (D:10)
  A kobold demonologist (D:10)
  3 trolls
  Grinder (D:3)
  A wraith (D:9)
  A shadow (D:8)
  3 wyverns
  10 yaks
  4 steam dragons
  A basilisk (D:10)
  Menkaure (D:6)
  Edmund (D:4)
  3 water moccasins
  Duvessa (D:7)
  4 orc warriors
  2 sky beasts
  2 black bears
  2 ogres
  A centaur (D:6)
  2 kobold brigands (D:8)
  A gnoll sergeant (D:7)
  4 bullfrogs
  2 scorpions (D:5)
  9 wights
  Dowan (D:7)
  16 killer bees
  3 howler monkeys
  An electric eel (D:10)
  2 centaur zombies (Ossuary)
  2 jellies
  Crazy Yiuf (D:3)
  An orc priest (D:9)
  8 hounds
  A gnoll bouda (D:6)
  Ijyb (D:3)
  3 iguanas
  3 orc wizards
  6 mummies (Ossuary)
  Robin (D:4)
  11 gnolls
  8 adders
  2 ufetubi
  3 worms
  A dart slug (D:1)
  20 orcs
  9 ball pythons
  3 bats
  5 endoplasms
  7 giant cockroaches
  19 goblins
  6 hobgoblins
  2 jackals (D:2)
  8 quokkas
  2 training dummies (D:5)
  18 frilled lizards
  6 hobgoblin zombies (Ossuary)
  15 kobolds
  6 rats
267 creatures vanquished.

Vanquished Creatures (others)
  385 foxfires
385 creatures vanquished.

Grand Total: 652 creatures vanquished

Notes
Turn   | Place    | Note
-------+----------+-------------------------------------------
     0 | D:1      | Moral the Draconian Fire Elementalist began the quest for
                  | the Orb.
     0 | D:1      | Reached XP level 1. HP: 14/14 MP: 3/3
   380 | D:1      | Reached XP level 2. HP: 20/20 MP: 3/5
  1192 | D:2      | Found a hide-covered altar of Uskayaw.
  1213 | D:2      | Reached XP level 3. HP: 27/27 MP: 4/6
  1308 | D:2      | Reached skill level 1 in Fighting
  1749 | D:2      | Learned a level 2 spell: Scorch
  2053 | D:3      | Reached XP level 4. HP: 34/35 MP: 0/7
  2246 | D:3      | Found a glowing drain.
  2263 | Sewer    | Entered a sewer
  2505 | Sewer    | Noticed a bullfrog
  2507 | Sewer    | Noticed a bullfrog
  2510 | Sewer    | Killed a bullfrog
  2511 | Sewer    | Reached skill level 4 in Fire Magic
  2511 | Sewer    | Reached XP level 5. HP: 32/41 MP: 4/9
  2650 | Sewer    | Reached XP level 6. HP: 48/48 MP: 7/10
  3321 | D:3      | Noticed Ijyb
  3326 | D:3      | Paralysed by Ijyb for 2 turns
  3333 | D:3      | Paralysed by Ijyb for 4 turns
  3334 | D:3      | Killed Ijyb
  3583 | D:3      | Found a runed translucent door.
  3584 | D:3      | Noticed Crazy Yiuf
  3755 | D:3      | Noticed Grinder
  3785 | D:3      | Killed Grinder
  4053 | D:3      | Killed Crazy Yiuf
  4054 | D:3      | Your scales start taking on a pale cyan-grey colour.
  4054 | D:3      | Reached skill level 5 in Fire Magic
  4054 | D:3      | Reached XP level 7. HP: 56/56 MP: 5/12
  4054 | D:3      | Gained mutation: You are immune to the effects of steam.
                  | [Pale Draconian growth]
  4114 | D:3      | Learned a level 3 spell: Inner Flame
  4251 | D:4      | Found a blossoming altar of Fedhas.
  4441 | D:4      | Found a sand-covered staircase.
  4446 | Ossuary  | Entered an ossuary
  5287 | D:4      | Found Yfan's Book Shoppe.
  5290 | D:4      | Found Joown's Assorted Antiques.
  5291 | D:4      | Found Rullycet's Magic Scroll Boutique.
  5291 | D:4      | Found Ciarathu's General Store.
  5428 | D:4      | Bought a scroll of enchant weapon for 172 gold pieces
  5441 | D:4      | Noticed Edmund
  5466 | D:4      | Killed Edmund
  5663 | D:4      | Noticed Robin
  5669 | D:4      | Killed Robin
  6492 | D:5      | Entered Level 5 of the Dungeon
  6648 | D:5      | Found a sparkling altar of Nemelex Xobeh.
  6765 | D:5      | Reached skill level 6 in Fire Magic
  6765 | D:5      | Reached XP level 8. HP: 63/63 MP: 10/14
  6938 | D:5      | Noticed a two-headed ogre
  7076 | D:5      | Killed a two-headed ogre
  7077 | D:5      | Reached skill level 5 in Spellcasting
  7077 | D:5      | Reached skill level 7 in Fire Magic
  7516 | D:5      | Reached XP level 9. HP: 66/72 MP: 9/17
  8041 | D:6      | Noticed Menkaure
  8318 | D:6      | Killed Menkaure
  9193 | D:7      | Noticed Duvessa
  9198 | D:7      | Noticed Dowan
  9202 | D:7      | Killed Dowan
  9203 | D:7      | Reached skill level 5 in Fighting
  9203 | D:7      | Killed Duvessa
  9265 | D:7      | Reached skill level 8 in Fire Magic
  9418 | D:7      | Reached skill level 5 in Stealth
  9891 | D:7      | Found a staircase to the Ecumenical Temple.
  9899 | D:7      | Found Ykuydaigri's Magic Scroll Boutique.
  9907 | D:7      | Bought a scroll of enchant weapon for 105 gold pieces
  9918 | D:7      | Found a runed translucent gate.
  9919 | D:7      | Found a runed translucent gate.
  9920 | D:7      | Found a runed translucent gate.
  9928 | D:7      | Noticed rapeowns's ghost (novice GnHW)
  9928 | D:7      | Noticed knightboat's ghost (novice KoEn)
  9954 | D:7      | Killed knightboat's ghost
  9955 | D:7      | Reached skill level 5 in Conjurations
  9956 | D:7      | Killed rapeowns's ghost
  9957 | D:7      | Reached skill level 5 in Dodging
  9957 | D:7      | Reached XP level 10. HP: 83/83 MP: 6/20
 10090 | D:7      | Found a hide-covered altar of Uskayaw.
 10111 | D:7      | Found an iron altar of Okawaru.
 10342 | D:8      | Found an opulent altar of Gozag.
 10462 | D:8      | Reached skill level 9 in Fire Magic
 10713 | D:8      | Got the Secrets of Vlad
 10831 | D:8      | Learned a level 3 spell: Volatile Blastmotes
 10836 | D:8      | Learned a level 4 spell: Flame Wave
 12298 | D:9      | Found a stormy altar of Qazlal.
 12791 | D:10     | Entered Level 10 of the Dungeon
 12791 | D:10     | Noticed Sonja
 12797 | D:10     | Killed Sonja
 12859 | D:10     | Reached XP level 11. HP: 91/91 MP: 13/23
 13205 | D:10     | Reached skill level 10 in Fire Magic
 13794 | D:10     | Found a staircase to the Lair.
 14454 | D:10     | Noticed a two-headed ogre
 14473 | D:10     | Killed a two-headed ogre
 15213 | Lair:1   | Entered Level 1 of the Lair of Beasts
 15229 | Lair:1   | Engulfed by a cloud of flame

Illustrated notes

Levels and vault maps discovered:
D:1:      dpeg_arrival_tiny_f, layout_basic
D:2:      layout_basic, basic_altar
D:3:      layout_basic, portal_sewer_entry_a, chequers_serial_rivers_small_b,
          hex_large, uniq_ijyb, uniq_grinder, uniq_crazy_yiuf_cottage
D:4:      layout_layer_cave, fedhas_altar_1, enter_ossuary_5,
          nicolae_wooded_promenade, uniq_edmund, uniq_robin
D:5:      dreamdust_elfheim, layout_basic, mainiacjoe_overflow_alcove_1,
          minmay_starry_boxes
D:6:      layout_basic, nicolae_grassy_gnolls, uniq_menkaure
D:7:      minmay_angry_zag, layout_rooms, mainiacjoe_overflow_catch_the_wave,
          temple_pool_b, gammafunk_ghost_cemetery, serial_shops, shop_scrolls,
          uniq_duvessa
D:8:      layout_rooms, grunt_gozag_breadcrumbs
D:9:      layout_rooms, nicolae_qazlal_general_emergency, enter_bailey_5,
          minmay_quadrilaterals
D:10:     layout_basic, david_lair_generic, hangedman_decor_lopped, uniq_sonja
Lair:1:   dpeg_oklob_gauntlet, layout_cave_shapes, cheibrodos_lair_lostbears,
          uniq_maggie

Skill      XL: |  1  2  3  4  5  6  7  8  9 10 11 |
---------------+----------------------------------+-----
Dodging        | 2 3 4 5 6 |  6.3
Stealth        | 2 3 4 5 6 |  6.5
Fighting       | 1 2 3 4 5 6 7 |  7.2
Spellcasting   | 3 4 5 7 8 |  8.7
Fire Magic     | 4 5 6 7 8 9 10 | 10.7
Conjurations   | 2 3 4 5 6 |  6.4

Action                     |  1- 3 |  4- 6 |  7- 9 | 10-12 || total
---------------------------+-------+-------+-------+-------++-------
  Melee: Short sword       |    86 |    67 |    77 |    79 ||   309
         Tailslap          |    17 |     5 |     9 |    17 ||    48
         Club              |     3 |       |       |       ||     3
         Unarmed           |     1 |       |       |       ||     1
         Punch             |       |       |     2 |     2 ||     4
   Cast: Foxfire           |    46 |    31 |    71 |    88 ||   236
         Scorch            |     4 |    35 |    44 |    32 ||   115
         Inner Flame       |       |       |    21 |    14 ||    35
         Volatile Blastmot |       |       |       |    35 ||    35
         Flame Wave        |       |       |       |    18 ||    18
Ability: Breathe Steam     |       |       |    28 |    19 ||    47
    Use: Scroll            |       |     4 |    17 |    11 ||    32
   Stab: Distracted        |     1 |       |       |       ||     1
 Armour: Skin              |    46 |    46 |    96 |    56 ||   244
  Dodge: Dodged            |    76 |    46 |   128 |   101 ||   351
  Block: Other             |       |       |     4 |    43 ||    47
         Reflection        |       |       |       |     1 ||     1

Table legend: (Time is in decaauts)
 A = Elapsed time spent in this place.
 B = Non-inter-level travel time spent in this place.
 C = Inter-level travel time spent in this place.
 D = Time resting spent in this place.
 E = Time spent auto-exploring this place.
 F = Levels seen in this place.
 G = Mean time per level.
                   A        B        C        D        E       F      G
               +--------+--------+--------+--------+--------+-----+--------+
         Total |  15239 |  15094 |    145 |   6015 |   5935 |  13 | 1172.2 |
       Dungeon |  13883 |  13738 |    145 |   5093 |   5853 |  10 | 1388.3 |
          Lair |     15 |     15 |      0 |      0 |      0 |   1 |   15.0 |
         Sewer |    797 |    797 |      0 |    496 |     82 |   1 |  797.0 |
       Ossuary |    541 |    541 |      0 |    426 |      0 |   1 |  541.0 |
               +--------+--------+--------+--------+--------+-----+--------+

Top non-repeatable levels by time:
    D:10: 2427 daAuts
     D:4: 1827 daAuts
     D:5: 1582 daAuts
     D:3: 1343 daAuts
     D:8: 1243 daAuts
     D:9: 1234 daAuts
     D:7: 1133 daAuts
     D:6: 1113 daAuts
     D:1: 1052 daAuts
     D:2: 926 daAuts
   Sewer: 797 daAuts
 Ossuary: 541 daAuts
  Lair:1: 15 daAuts
